 Dungeon Crawl Stone Soup version 0.29.0 (webtiles) character file.

Game seed: 11818117532306519649

427 catcat the Chopper (level 6, -2/57 HPs)
             Began as a Minotaur Fighter on Aug 31, 2022.
             Was a Priest of Jiyva.
             Slain by a gnoll sergeant
             ... wielding a +3 trident of flaming
              (4 damage)
             ... on level 5 of the Dungeon.
             The game lasted 00:07:18 (3731 turns).

catcat the Chopper (Minotaur Fighter)               Turns: 3731, Time: 00:07:20

Health: -2/57      AC:  8    Str: 22    XL:     6   Next: 65%
Magic:  2/5        EV: 10    Int:  5    God:    Jiyva [***...]
Gold:   167        SH:  5    Dex: 10    Spells: 5/5 levels left

rFire   . . .      SeeInvis .   a - +0 war axe
rCold   + + +      Faith    .   c - +1 buckler
rNeg    . . .      Spirit   .   b - +0 scale mail
rPois   .          Reflect  .   (helmet restricted)
rElec   .          Harm     .   p - +0 cloak
rCorr   +          Rampage  .   (no gloves)
Will    .....                   (no boots)
Stlth   ..........              (no amulet)
HPRegen 1.31/turn               (no ring)
MPRegen 0.44/turn               (no ring)

@: calling ooze
A: horns 2, retaliatory headbutt, cold resistance 3, robust 1
a: Renounce Religion, Oozemancy


You were on level 5 of the Dungeon.
You worshipped Jiyva.
Jiyva was most pleased with you.
You visited 1 branch of the dungeon, and saw 5 of its levels.
You also visited: Ossuary.

You collected 167 gold pieces.

Inventory:

Hand Weapons
 a - a +0 war axe (weapon)
 q - a +0 flail
Missiles
 l - 11 boomerangs (quivered)
Armour
 b - a +0 scale mail (worn)
 c - a +1 buckler (worn)
 p - a +0 cloak (worn)
Scrolls
 g - a scroll of enchant armour
 h - a scroll of fog {unknown}
 i - 3 scrolls of noise
 k - 2 scrolls of fear
 r - a scroll of amnesia {unknown}
Potions
 d - 2 potions of might
 f - 2 potions of heal wounds
 j - 2 potions of lignification
 m - a potion of curing
 n - a potion of attraction


   Skills:
 - Level 4.2 Fighting
 * Level 7.8 Axes
 - Level 3.6 Armour
 - Level 2.0 Dodging
 - Level 4.0 Shields


You had 5 spell levels left.
You didn't know any spells.
Your spell library was empty.

Dungeon Overview and Level Annotations

Branches:
Dungeon (5/15)            Ossuary (visited)
 Temple: D:4-7

Altars:
Ashenzari
Fedhas
Hepliaklqana
Qazlal
Ru
Sif Muna
Trog
Vehumet
The Shining One
Jiyva

Shops:
D:5 =


Innate Abilities, Weirdness & Mutations

You have a pair of horns on your head.
You reflexively headbutt those who attack you in melee.
Your flesh is almost immune to the effects of cold. (rC+++)
You are robust. (+10% HP)


Message History

The gnoll hits you from afar with a +0 spear.
You barely miss the gnoll. You headbutt the gnoll.
You kill the gnoll!
The gnoll sergeant hits you from afar with a +3 trident of flaming.
The gnoll sergeant burns you.
The gnoll hits you from afar with a +0 spear.
Training target 2.0 for Dodging reached!
Your Dodging skill increases to level 2!
The gnoll sergeant barely misses you. The gnoll closely misses you.
Unknown command.
You barely miss the gnoll sergeant. You headbutt the gnoll sergeant.
The gnoll sergeant is lightly wounded.
The gnoll sergeant hits you with a +3 trident of flaming!
The gnoll sergeant burns you. The gnoll closely misses you.
You hit the gnoll sergeant.
The gnoll sergeant is moderately wounded.
You block the gnoll sergeant's attack. You block the gnoll's attack.
Unknown command.
You slash the gnoll sergeant!
The gnoll sergeant is severely wounded.
The gnoll sergeant hits you with a +3 trident of flaming!
The gnoll sergeant burns you.
The gnoll hits you from afar with a +0 spear.
Unknown command.
You are too injured to fight recklessly!
You barely miss the gnoll sergeant.
The gnoll sergeant is severely wounded.
The gnoll sergeant hits you with a +3 trident of flaming!
* * * LOW HITPOINT WARNING * * *
The gnoll sergeant burns you.
* * * LOW HITPOINT WARNING * * *
You block the gnoll's attack.
Activating: Oozemancy (21% risk of failure)
Press: ? - help, Dir - look around, f - activate Slime begins to ooze from the nearby walls!
The walls burn the gnoll sergeant!
The gnoll sergeant hits you with a +3 trident of flaming!
* * * LOW HITPOINT WARNING * * *
The gnoll sergeant burns you.
You die...

# .#### ...##
#..# #..##
#.###.).#####
#...g@......#
#..##)....#.#
... ##g..##.## #
#..##...######
....##........#
####.##...####.#
#+###### #.#
#<#### ###.....


You could see a gnoll sergeant and a gnoll.

Vanquished Creatures
  Grinder (D:3)
  4 lemures (D:5)
  A hound (D:4)
  2 human zombies (Ossuary)
  An orc wizard (D:4)
  2 mummies (Ossuary)
  2 gnolls (D:5)
  3 dart slugs (D:1)
  17 orcs
  5 ball pythons
  4 bats
  4 endoplasms
  2 giant cockroaches
  2 goblins
  2 hobgoblins
  6 kobolds
  3 quokkas (D:1)
  2 frilled lizards
  A hobgoblin zombie (Ossuary)
  2 kobold zombies (Ossuary)
  4 rats
70 creatures vanquished.

Vanquished Creatures (others)
  A sky beast (D:5)
  A phantom (D:4)
  5 jellies
  A hound (D:5)
  2 mummies (Ossuary)
  A dart slug (D:5)
  6 orcs
  2 jackals (D:5)
  A goblin (D:3)
  2 goblin zombies (Ossuary)
  A hobgoblin zombie (Ossuary)
  A kobold (D:4)
  2 rats (D:3)
26 creatures vanquished.

Grand Total: 96 creatures vanquished

Notes
Turn   | Place    | Note
-------+----------+-------------------------------------------
     0 | D:1      | catcat the Minotaur Fighter began the quest for the Orb.
     0 | D:1      | Reached XP level 1. HP: 19/19 MP: 0/0
   146 | D:1      | Reached skill level 3 in Axes
   193 | D:1      | Reached XP level 2. HP: 27/27 MP: 1/1
   885 | D:1      | Reached XP level 3. HP: 33/33 MP: 2/2
  1175 | D:2      | Reached skill level 4 in Axes
  1213 | D:2      | Found a faded altar of an unknown god.
  1221 | D:2      | Prayed at the altar of an unknown god.
  1221 | D:2      | Became a worshipper of Jiyva Joklar the Shapeless
  1221 | D:2      | Reached * piety under Jiyva
  1841 | D:3      | Reached ** piety under Jiyva
  2255 | D:3      | Noticed Grinder
  2265 | D:3      | Killed Grinder
  2266 | D:3      | Reached skill level 6 in Axes
  2266 | D:3      | Reached XP level 4. HP: 38/40 MP: 3/3
  2266 | D:3      | Reached XP level 5. HP: 43/46 MP: 4/4
  2340 | D:3      | Found a blossoming altar of Fedhas.
  2526 | D:4      | Reached skill level 7 in Axes
  2583 | D:4      | Found a sand-covered staircase.
  2588 | Ossuary  | Entered an ossuary
  2601 | Ossuary  | Reached *** piety under Jiyva
  2622 | Ossuary  | Reached XP level 6. HP: 46/52 MP: 5/5
  2646 | Ossuary  | Reached skill level 1 in Dodging
  3368 | D:5      | Entered Level 5 of the Dungeon
  3409 | D:5      | Found Neggiot's Jewellery Shop.
  3435 | D:5      | Reached **** piety under Jiyva
  3497 | D:5      | Found a glowing golden altar of the Shining One.
  3497 | D:5      | Found a bloodstained altar of Trog.
  3498 | D:5      | Gained mutation: Your flesh is cold resistant. (rC+)
                  | [Jiyva's grace]
  3498 | D:5      | Gained mutation: Your flesh is very cold resistant. (rC++)
                  | [Jiyva's grace]
  3498 | D:5      | Gained mutation: Your flesh is almost immune to the effects
                  | of cold. (rC+++) [Jiyva's grace]
  3498 | D:5      | Gained mutation: You are robust. (+10% HP) [Jiyva's grace]
  3510 | D:5      | Found a hazy altar of Hepliaklqana.
  3513 | D:5      | Found a radiant altar of Vehumet.
  3513 | D:5      | Found a broken altar of Ashenzari.
  3542 | D:5      | Found a stormy altar of Qazlal.
  3554 | D:5      | Found a sacrificial altar of Ru.
  3567 | D:5      | Noticed Pikel
  3570 | D:5      | Found a shimmering blue altar of Sif Muna.
  3587 | D:5      | Slimified Pikel
  3587 | D:5      | Noticed Pikel
  3587 | D:5      | Pikel changed into Pikel the slime creature
  3648 | D:5      | Killed a sky beast
  3731 | D:5      | HP: 2/57 [gnoll sergeant/+3 trident of flaming (9)]
  3731 | D:5      | Slain by a gnoll sergeant

Illustrated notes

Levels and vault maps discovered:
D:1:      dpeg_arrival_round_c, layout_basic
D:2:      layout_loops_ring, hellmonk_ecumenical_altar_zigzags
D:3:      layout_loops_ring, fedhas_altar_fruit_tree, uniq_grinder
D:4:      nicolae_BIG_FREAKIN_CUBE, layout_cave_pods,
          nicolae_ossuary_entry_false_entrances
D:5:      layout_loops_corners, nicolae_overflow_hallway_of_the_gods,
          nicolae_sif_muna_little_library, serial_shops,
          nicolae_shop_window_shopping, uniq_crazy_yiuf_cottage, uniq_pikel

Skill      XL: |  1  2  3  4  5  6 |
---------------+-------------------+-----
Axes           | 3 6 7 |  7.8
Fighting       | 4 |  4.2
Shields        | 4 |  4.0
Dodging        | 2 |  2.0
Armour         | |  3.6

Action                   |  1- 3 |  4- 6 || total
-------------------------+-------+-------++-------
Melee: War axe           |    66 |   120 ||   186
       Headbutt          |    14 |    17 ||    31
Invok: Slimify           |       |     1 ||     1
       Oozemancy         |       |     1 ||     1
  Use: Scroll            |     3 |     3 ||     6
Armor: Scale mail        |    22 |    53 ||    75
Dodge: Dodged            |    28 |    36 ||    64
Block: Buckler           |    11 |    22 ||    33
